 Dungeon Crawl Stone Soup version 0.29.1-1-gd02db6906a (webtiles) character file.

Game seed: 17023989729727894942

24 GigaChad the Covered (level 2, -2/27 HPs)
             Began as a Minotaur Fighter on Sept 29, 2022.
             Was a Follower of Makhleb.
             Succumbed to a kobold's poison
             ... on level 2 of the Dungeon.
             The game lasted 00:01:42 (655 turns).

GigaChad the Covered (Minotaur Fighter)              Turns: 655, Time: 00:01:43

Health: -2/27      AC:  7    Str: 20    XL:     2   Next: 79%
Magic:  1/1        EV:  9    Int:  5    God:    Makhleb [*.....]
Gold:   44         SH:  4    Dex:  9    Spells: 1/1 levels left

rFire   . . .      SeeInvis .   a - +0 long sword
rCold   . . .      Faith    .   c - +0 buckler
rNeg    . . .      Spirit   .   b - +0 scale mail
rPois   .          Reflect  .   (helmet restricted)
rElec   .          Harm     .   (no cloak)
rCorr   .          Rampage  .   (no gloves)
Will    .....                   (no boots)
Stlth   ..........              (no amulet)
HPRegen 0.09/turn               (no ring)
MPRegen 0.07/turn               (no ring)

@: lethally poisoned (-2 -> -30)
A: horns 2, retaliatory headbutt
a: Renounce Religion


You were on level 2 of the Dungeon.
You worshipped Makhleb.
Makhleb was aware of your devotion.
You visited 1 branch of the dungeon, and saw 2 of its levels.

You collected 44 gold pieces.

Inventory:

Hand Weapons
 a - a +0 long sword (weapon)
Armour
 b - a +0 scale mail (worn)
 c - a +0 buckler (worn)
Scrolls
 e - a scroll of identify
Potions
 d - a potion of might


   Skills:
 + Level 3.8 Fighting
 + Level 2.9 Long Blades
 + Level 4.2 Armour
 + Level 3.9 Shields


You had one spell level left.
You didn't know any spells.
Your spell library contained the following spells:

 Spells                   Type           Power      Damage    Failure   Level
 Beastly Appendage        Tmut           0%         N/A       88%         1


Dungeon Overview and Level Annotations

Branches:
Dungeon (2/15)

Altars:
Makhleb

Shops:
D:1 :


Innate Abilities, Weirdness & Mutations

You have a pair of horns on your head.
You reflexively headbutt those who attack you in melee.


Message History

Found a scroll labelled ZIUPNA GIUFIH.
Found a stone staircase leading down.
There is a stone staircase leading down here.
f - a scroll labelled ZIUPNA GIUFIH
As you read the scroll labelled ZIUPNA GIUFIH, it crumbles to dust.
You feel strangely unstable.
It was a scroll of teleportation.
There is a stone staircase leading down here.
You stop descending the stairs.
Your surroundings suddenly seem different.
There is a stone staircase leading down here.
You climb downwards.
There is a stone staircase leading up here.
An adder and a kobold come into view.
The kobold is wielding a +2 short sword of venom.
The adder hisses angrily.
The kobold shouts!
The adder bites you.
You closely miss the adder. The adder bites you.
You barely miss the adder. Your headbutt misses the adder.
You block the adder's attack. The adder bites you but does no damage.
You hit the adder but do no damage. The adder bites you.
The kobold hits you but does no damage.
You are poisoned.
The adder barely misses you. You furiously retaliate!
You headbutt the adder. You miss the adder. Your headbutt misses the adder.
The adder is lightly wounded.
You feel very sick.
The kobold hits you with a +2 short sword of venom.
You are lethally poisoned!
The adder closely misses you.
The kobold hits you with a +2 short sword of venom.
You are more poisoned.
You miss the adder.
The adder is lightly wounded.
* * * LOW HITPOINT WARNING * * *
You feel very sick. You block the adder's attack.
The adder bites you but does no damage.
The kobold hits you with a +2 short sword of venom.
* * * LOW HITPOINT WARNING * * *
You are more poisoned.
Unknown command.
You die...

... #.# #.#
#.# #.#####
##..... #
##...##
....##.K..<#
#....S.@.##
##.####.## #
#.# #.# #+#


You could see an adder and a kobold.

Vanquished Creatures
  2 ball pythons (D:1)
  2 endoplasms (D:1)
  3 giant cockroaches (D:1)
  3 hobgoblins (D:1)
  3 quokkas (D:1)
  A frilled lizard (D:1)
  3 goblins (D:1)
  4 rats (D:1)
21 creatures vanquished.

Vanquished Creatures (others)
  A fungus (D:1)
  7 toadstools (D:1)
8 creatures vanquished.

Grand Total: 29 creatures vanquished

Notes
Turn   | Place    | Note
-------+----------+-------------------------------------------
     0 | D:1      | GigaChad the Minotaur Fighter began the quest for the Orb.
     0 | D:1      | Reached XP level 1. HP: 19/19 MP: 0/0
   227 | D:1      | Found a faded altar of an unknown god.
   237 | D:1      | Reached skill level 4 in Armour
   241 | D:1      | Reached XP level 2. HP: 23/27 MP: 1/1
   254 | D:1      | Got Plato's Almanac of Shapeshifting
   255 | D:1      | Prayed at the altar of an unknown god.
   255 | D:1      | Became a worshipper of Makhleb the Destroyer
   255 | D:1      | Reached * piety under Makhleb
   435 | D:1      | Found Gimoduys's Book Shop.
   655 | D:2      | Succumbed to a kobold's poison

Illustrated notes

Levels and vault maps discovered:
D:1:      nagdon_arrival_double_spiral, layout_loops_ring, serial_shops, shop,
          shapermc_ecumenical_altar_rom_forum, chequers_serial_rivers_large_a
D:2:      layout_loops_corners, basic_altar

Skill      XL: |  1 |
---------------+----+-----
Armour         | 4 |  4.2
Fighting       | |  3.8
Long Blades    | |  2.9
Shields        | |  3.9

Action                   || total
-------------------------++-------
Melee: Long sword        ||    54
       Headbutt          ||     8
  Use: Scroll            ||     2
Armor: Scale mail        ||    28
Dodge: Dodged            ||    33
Block: Buckler           ||    14
